 Dungeon Sprint DCSS version 0.21-a0-401-g0b6bec4 (webtiles) character file.

47 pipel the Firebug (level 3, -1/23 HPs)
             Began as a Deep Elf Fire Elementalist on Oct 25, 2017.
             Was a Believer of Vehumet.
             Slain by a gnoll
             ... wielding a +0 halberd
              (19 damage)
             ... in the Dungeon (Sprint VII: "The Pits").
             The game lasted 00:01:52 (569 turns).

pipel the Firebug (Deep Elf Fire Elementalist)       Turns: 569, Time: 00:01:53

Health: -1/23      AC:  2    Str:  5    XL:     3   Next: 48%
Magic:  11/11      EV: 14    Int: 19    God:    Vehumet [**....]
Gold:   0          SH:  0    Dex: 16    Spells: 6/11 levels left

rFire    . . .     SeeInvis .   a - +2 trident
rCold    . . .     Gourm    .   (no shield)
rNeg     . . .     Faith    .   k - +0 robe
rPois    .         Spirit   .   (no helmet)
rElec    .         Reflect  .   (no cloak)
rCorr    .         Harm     .   (no gloves)
MR       .....     NoTele   +   (no boots)
Stlth    ++........             (no amulet)
HPRegen  0.07/turn              (no ring)
MPRegen  0.12/turn              (no ring)

@: very slightly contaminated, invisible
A: no striking features
a: Renounce Religion


You were in the Dungeon.
You worshipped Vehumet.
Vehumet was pleased with you.
You were not hungry.

You visited 1 branch

Inventory:

Hand Weapons
 a - a +2 trident (weapon)
Missiles
 m - 10 stones (quivered)
Armour
 k - a +0 robe (worn)
Magical Staves
 b - an uncursed staff of energy
Scrolls
 i - a scroll of blinking
 o - 3 scrolls of remove curse
 p - 5 scrolls of amnesia
 q - a scroll of summoning
 r - 2 scrolls of vulnerability
Potions
 f - a potion of haste
 g - 4 potions of magic
 h - 2 potions of berserk rage
 l - a potion of invisibility
Books
 n - a book of Flames

   Spells                             Type                      Level
   a - Flame Tongue                   Conjuration/Fire             1
   b - Throw Flame                    Conjuration/Fire             2
   c - Conjure Flame                  Conjuration/Fire             3
   d - Inner Flame                    Hexes/Fire                   3
   e - Sticky Flame                   Conjuration/Fire             4
   f - Fireball                       Conjuration/Fire             5
Comestibles
 c - 8 bread rations
 s - 40 fruits
 t - 7 meat rations


   Skills:
 + Level 3.1 Fighting
 - Level 0.1 Polearms
 - Level 3.2 Dodging
 - Level 3.1 Stealth
 + Level 4.8 Spellcasting
 + Level 1.6 Conjurations
 + Level 5.3 Fire Magic


You had 6 spell levels left.
You knew the following spells:

 Your Spells              Type           Power        Failure   Level  Hunger
a - Flame Tongue          Conj/Fire      ###..        3%          1    None
b - Magic Dart            Conj           ##..         6%          1    None
c - Conjure Flame         Conj/Fire      ###.....     9%          3    ##.....


Dungeon Overview and Level Annotations

Branches:
Dungeon (1/1)

Altars:
Ashenzari
Cheibriados
Dithmenos
Elyvilon
Fedhas
Gozag
Hepliaklqana
Kikubaaqudgha
Makhleb
Nemelex Xobeh
Okawaru
Qazlal
Ru
Sif Muna
Trog
Uskayaw
Vehumet
Wu Jian
Xom
Yredelemnul
Zin
The Shining One
Beogh
Jiyva
Lugonu


Message History

You are no longer poisoned.
Memorise Conjure Flame, consuming 3 spell levels and leaving 6?
You start memorising the spell.
You continue memorising. x3
You finish memorising.
Spell assigned to 'c'.
Okay, then.
You start resting.
You feel yourself speed up.
You start resting.
Magic restored.
You start resting.
You recover from your berserk rage.
You start resting.
A gnoll opens the door.
It is wielding a halberd.
You fade into invisibility!
You are very lightly contaminated with residual magic.
You barely miss the gnoll.
The gnoll shouts!
The gnoll hits you with a halberd!!
Ouch! That really hurt!
You die...

#_______...###########++
##########'##...........
#....')))'.##......#..#
##########.##..........
#...........+...........
+#####'#####......#..#.
#...#.# #...........
#...#.# ####g#####+
#...).# #..@....#
##a#### #.......# #.)
#.......# #.g #...<...#
#.. #.......# #..
#.......# ### #.......#
#########


You could see a gnoll.

Vanquished Creatures
  A worker ant (D)
  A gnoll (D)
  A river rat (D)
  A bat zombie (D)
  A giant cockroach (D)
  A goblin (D)
  A rat (D)
7 creatures vanquished.

Vanquished Creatures (others)
  A greater mummy (D)
  the Lernaean hydra (D)
  4 pearl dragons (D)
6 creatures vanquished.

Grand Total: 13 creatures vanquished

Notes
Turn   | Place    | Note
-------+----------+-------------------------------------------
     0 | D        | pipel the Deep Elf Fire Elementalist began the quest for the Orb.
     0 | D        | Reached XP level 1. HP: 10/10 MP: 6/6
    17 | D        | Killed a pearl dragon
    36 | D        | Killed the 27-headed Lernaean hydra
    43 | D        | Killed a pearl dragon
    44 | D        | Found a glowing golden altar of the Shining One.
    44 | D        | Found a glowing silver altar of Zin.
    44 | D        | Found a basalt altar of Yredelemnul.
    44 | D        | Found a shimmering altar of Xom.
    44 | D        | Found an ornate altar of the Wu Jian Council.
    44 | D        | Found a bloodstained altar of Trog.
    44 | D        | Found a deep blue altar of Sif Muna.
    44 | D        | Found a sacrificial altar of Ru.
    44 | D        | Found a stormy altar of Qazlal.
    44 | D        | Found an iron altar of Okawaru.
    44 | D        | Found a sparkling altar of Nemelex Xobeh.
    44 | D        | Found a burning altar of Makhleb.
    44 | D        | Found a viscous altar of Jiyva.
    44 | D        | Found a hazy altar of Hepliaklqana.
    44 | D        | Found an opulent altar of Gozag.
    44 | D        | Found a blossoming altar of Fedhas.
    44 | D        | Found a white marble altar of Elyvilon.
    44 | D        | Found a shadowy altar of Dithmenos.
    44 | D        | Found a snail-covered altar of Cheibriados.
    45 | D        | Found a radiant altar of Vehumet.
    45 | D        | Found a corrupted altar of Lugonu.
    45 | D        | Found a roughly hewn altar of Beogh.
    46 | D        | Found an ancient bone altar of Kikubaaqudgha.
    46 | D        | Found a hide-covered altar of Uskayaw.
    46 | D        | Found a shattered altar of Ashenzari.
    53 | D        | Became a worshipper of Vehumet
    57 | D        | Killed a pearl dragon
    71 | D        | Reached skill level 4 in Fire Magic
    93 | D        | Killed a greater mummy
   133 | D        | Reached * piety under Vehumet
   133 | D        | Offered knowledge of Magic Dart by Vehumet.
   143 | D        | Reached XP level 2. HP: 1/15 MP: 0/9
   146 | D        | Learned a level 1 spell: Magic Dart
   388 | D        | Killed a pearl dragon
   409 | D        | Reached skill level 5 in Fire Magic
   422 | D        | Reached ** piety under Vehumet
   422 | D        | Offered knowledge of Sting by Vehumet.
   422 | D        | Reached XP level 3. HP: 21/23 MP: 4/11
   444 | D        | Learned a level 3 spell: Conjure Flame
   569 | D        | Slain by a gnoll

Vault maps used:
D:        pitsprint

Skill      XL: |  1  2 |
---------------+-------+-----
Fire Magic     | 4 5 |  5.3
Dodging        | 3 |  3.2
Spellcasting   | 4 |  4.8
Stealth        | 3 |  3.1
Fighting       | 3 |  3.1
Polearms       | |  0.1
Conjurations   | |  1.6

Action                   || total
-------------------------++-------
Melee: Trident           ||     5
 Cast: Flame Tongue      ||    20
  Use: Potion            ||     4
Armor: Robe              ||     4
Dodge: Dodged            ||    15

Table legend:
 A = Spawn XP
 B = Non-spawn XP
 C = Spawn XP percentage of total XP
 D = Spawn monster count
 E = Non-spawn monster count
 F = Spawn count percentage of total count
 G = Total turns spent on level
                    A         B        C        D         E        F      G
               +---------+---------+-------+---------+---------+-------+---------
         Total |       0 |      68 |   0.0 |       0 |       7 |   0.0 |   569
               +---------+---------+-------+---------+---------+-------+---------
             D |       0 |      68 |   0.0 |       0 |       7 |   0.0 |   569
               +---------+---------+-------+---------+---------+-------+---------
